 Dungeon Crawl Stone Soup version 0.30-a0-643-g638baaf3f0 (webtiles) character file.

Game seed: 1314890001253843489

331 Dirtsage the Changer (level 6, 0/38 HPs)
             Began as an Octopode Transmuter on Jan 16, 2023.
             Slain by Pikel
             ... wielding a +2 whip of flaming
              (9 damage)
             ... on level 4 of the Dungeon.
             The game lasted 00:05:31 (3441 turns).

Dirtsage the Changer (Octopode Transmuter)          Turns: 3441, Time: 00:05:32

Health: 0/38       AC:  1    Str:  9    XL:     6   Next: 52%
Magic:  9/9        EV: 13    Int: 23    God:
Gold:   194        SH:  0    Dex: 13    Spells: 2/9 levels left

rFire   . . .      SeeInvis .      - Unarmed
rCold   . . .      Faith    .    (no shield)
rNeg    . . .      Spirit   .    (helmet currently unavailable)
rPois   .          Reflect  .    r - amulet of the acrobat
rElec   .          Harm     .    i - +6 ring of intelligence
rCorr   .          Rampage  .    (no ring)
Will    .....                    (no ring)
Stlth   ++                       (no ring)
HPRegen 0.26/turn                (no ring)
MPRegen 0.11/turn                (no ring)
                                 (no ring)
                                 (no ring)

@: appendages (expiring)
A: tentacle spike 3, almost no armour, amphibious, 8 rings, camouflage 1,
gelatinous body 1, (nimble swimmer 1), tentacles
a: End Transformation


You were on level 4 of the Dungeon.
One of your tentacles had grown a beastly spike.
You visited 1 branch of the dungeon, and saw 4 of its levels.

You collected 194 gold pieces.

Inventory:

Jewellery
 i - a +6 ring of intelligence (left tentacle)
 r - an amulet of the acrobat (around mantle)
Scrolls
 b - 3 scrolls of identify {unknown}
 e - a scroll of acquirement {unknown}
 f - a scroll of teleportation {unknown}
 l - 2 scrolls of silence {unknown}
 n - a scroll of poison {unknown}
 o - a scroll of magic mapping {unknown}
 s - a scroll of enchant weapon {unknown}
Potions
 a - 2 potions of lignification
 c - 2 potions of ambrosia {unknown}
 d - 2 potions of degeneration {unknown}
 g - 2 potions of attraction {unknown}
 h - a potion of resistance {unknown}
 k - 3 potions of brilliance {unknown}
 m - a potion of cancellation {unknown}
 p - a potion of heal wounds {unknown}
 q - 2 potions of curing


   Skills:
 - Level 1.0 Fighting
 - Level 2.0 Dodging
 - Level 3.0 Unarmed Combat
 - Level 2.0 Spellcasting
 * Level 4.9 Transmutations
 * Level 4.3 Ice Magic


You had 2 spell levels left.
You knew the following spells:

 Your Spells              Type           Power      Damage    Failure   Level
a - Beastly Appendage     Tmut           48%        N/A       1%          1
b - Wereblood             Tmut           24%        N/A       2%          2
c - Ice Form              Ice/Tmut       23%        N/A       19%         4

Your spell library contained the following spells:

 Spells                   Type           Power      Damage    Failure   Level
 Apportation              Tloc           4%         N/A       13%         1
 Necrotise                Necr           8%         1d4       13%         1
 Summon Small Mammal      Summ           8%         N/A       13%         1
 Spider Form              Tmut/Pois      13%        N/A       14%         3
 Ignite Poison            Fire/Tmut/Pois 9%         N/A       21%         3
 Kindle Blastsparks       Fire/Tloc/Air  4%         2d10      36%         3
 Vhi's Electric Charge    Tloc/Air       4%         N/A       36%         3
 Freezing Cloud           Conj/Ice/Air   4%         6-21      89%         5
 Arcjolt                  Conj/Air       1%         1d11      98%         5
 Maxwell's Capacitive Co  Air            1%         ∞         100%        8


Dungeon Overview and Level Annotations

Branches:
Dungeon (4/15)
 Temple: D:4-7

Altars:
Kikubaaqudgha
Okawaru
Wu Jian

Shops:
D:4 *

Annotations:
D:4 Pikel


Innate Abilities, Weirdness & Mutations

One of your tentacles has grown a beastly spike.
You cannot wear most types of armour.
You are amphibious.
You can wear up to eight rings at the same time.
Your skin changes colour to match your surroundings (Stealth+).
Your rubbery body absorbs attacks. (AC +1, EV +1)
((You are camouflaged when in or above water. (Stealth+)))
You have tentacles for arms and can constrict up to eight enemies at once.


Message History

You tentacle-slap Pikel but do no damage.
You pierce Pikel.
You squeeze Pikel, but do no damage.
Pikel is moderately wounded.
You constrict Pikel.
Pikel struggles against the net.
You tentacle-slap Pikel.
You pierce Pikel, but do no damage.
You squeeze Pikel.
Pikel is heavily wounded.
Your transformation is almost over.
You constrict Pikel, but do no damage.
Pikel struggles against the net.
The net rips apart, and Pikel comes free!
You tentacle-slap Pikel.
Pikel is heavily wounded.
You constrict Pikel. Pikel closely misses you.
You tentacle-slap Pikel but do no damage.
You squeeze Pikel.
Pikel is heavily wounded.
You constrict Pikel.
Pikel hits you with a +2 whip of flaming.
Pikel burns you.
You take 5 damage, and have 32/38 hp.
You tentacle-slap Pikel. You squeeze Pikel.
Pikel is severely wounded.
You constrict Pikel.
Pikel hits you with a +2 whip of flaming!
Pikel burns you.
You take 18 damage, and have 14/38 hp.
MASSIVE DAMAGE!!
MP restored: 9 You tentacle-slap Pikel but do no damage.
You pierce Pikel, but do no damage.
Pikel is almost dead.
You constrict Pikel.
Pikel hits you with a +2 whip of flaming.
* * * LOW HITPOINT WARNING * * *
Pikel burns you.
* * * LOW HITPOINT WARNING * * *
You take 6 damage, and have 8/38 hp.
You tentacle-slap Pikel.
You pierce Pikel, but do no damage.
Pikel is almost dead.
You constrict Pikel, but do no damage.
Pikel hits you with a +2 whip of flaming!
You die...

## ...##### ##.....#######
..........K..######
##..##............# #
#####...####.#
##[###.###.####### ######
##.## ##.K@.......# #.....
#.## ##......##.####.#### #.#
#..............# #.##
##..###.##(#..### ####.##
##.#.#.........######
#.....###.##.#.##.###........
#.###....###...##.# #.#######
# #.#### ###.##.###># #.#
####........#


You could see Pikel.

Vanquished Creatures
  A water moccasin (D:4)
  4 lemures (D:4)
  A phantom (D:4)
  An orc priest (D:4)
  4 adders
  3 worms
  A dart slug (D:1)
  3 orcs (D:4)
  8 ball pythons
  6 bats
  6 endoplasms
  5 giant cockroaches
  8 goblins
  6 hobgoblins
  4 jackals
  11 kobolds
  2 quokkas
  2 frilled lizards
  2 rats
78 creatures vanquished.

Notes
Turn   | Place    | Note
-------+----------+-------------------------------------------
     0 | D:1      | Dirtsage the Octopode Transmuter began the quest for the
                  | Orb.
     0 | D:1      | Reached XP level 1. HP: 13/13 MP: 3/3
   219 | D:1      | Reached skill level 1 in Ice Magic
   219 | D:1      | Reached XP level 2. HP: 12/18 MP: 3/5
   756 | D:1      | Reached XP level 3. HP: 23/23 MP: 4/6
  1327 | D:2      | Reached XP level 4. HP: 27/28 MP: 7/7
  1330 | D:2      | Learned a level 2 spell: Wereblood
  2336 | D:3      | Found a faded altar of an unknown god.
  2429 | D:3      | Learned a level 4 spell: Ice Form
  2690 | D:4      | Noticed a water moccasin
  2700 | D:4      | Killed a water moccasin
  2701 | D:4      | Reached XP level 5. HP: 17/33 MP: 5/8
  2910 | D:4      | Found an iron altar of Okawaru.
  2926 | D:4      | Reached XP level 6. HP: 37/38 MP: 3/9
  3047 | D:4      | Found Wiagae's Lightly-Used Armoury.
  3089 | D:4      | Found an ornate altar of the Wu Jian Council.
  3168 | D:4      | Found an ancient bone altar of Kikubaaqudgha.
  3409 | D:4      | Noticed Pikel
  3441 | D:4      | Slain by Pikel

Illustrated notes

Levels and vault maps discovered:
D:1:      eino_arrival_tree_alley, layout_loops_ring, serial_bayou_pond_a
D:2:      layout_basic
D:3:      layout_basic, hellmonk_ecumenical_altar_blasted, minmay_distorted
D:4:      layout_loops_ring, okawaru_ov_weapons_minmay,
          mainiacjoe_overflow_catwalk_spiral, kennysheep_nondescript,
          supply_closet_lemuel, minmay_shop_damaged, uniq_pikel

Skill      XL: |  1  2  3  4  5  6 |
---------------+-------------------+-----
Ice Magic      | 1 2 3 4 |  4.3
Transmutations | 3 4 |  4.9
Fighting       | |  1.0
Dodging        | |  2.0
Unarmed Combat | |  3.0
Spellcasting   | |  2.0

Action                   |  1- 3 |  4- 6 || total
-------------------------+-------+-------++-------
Melee: Unarmed           |    66 |   145 ||   211
       Constrict         |    18 |    27 ||    45
       Tentacles         |    17 |    20 ||    37
       Kick              |    12 |    25 ||    37
       Punch             |     2 |       ||     2
Throw: Throwing net      |       |     1 ||     1
 Cast: Beastly Appendage |    15 |    11 ||    26
       Wereblood         |       |     4 ||     4
       Ice Form          |       |     3 ||     3
  Use: Potion            |       |     1 ||     1
 Stab: Sleeping          |     5 |     6 ||    11
Armor: Skin              |     4 |    18 ||    22
Dodge: Dodged            |    38 |    68 ||   106

Table legend: (Time is in decaauts)
 A = Elapsed time spent in this place.
 B = Non-inter-level travel time spent in this place.
 C = Inter-level travel time spent in this place.
 D = Time resting spent in this place.
 E = Time spent auto-exploring this place.
 F = Levels seen in this place.
 G = Mean time per level.
                   A        B        C        D        E       F      G
               +--------+--------+--------+--------+--------+-----+--------+
         Total |   3428 |   3314 |    114 |     55 |   2677 |   4 |  857.0 |
       Dungeon |   3428 |   3314 |    114 |     55 |   2677 |   4 |  857.0 |
               +--------+--------+--------+--------+--------+-----+--------+

Top non-repeatable levels by time:
     D:2: 936 daAuts
     D:3: 901 daAuts
     D:1: 834 daAuts
     D:4: 755 daAuts
